 Dungeon Crawl Stone Soup version 0.26-a0-67-g850bfe61e3 (webtiles) character file.

Game seed: 7913990397292319842

69 bmfx the Slasher (level 4, 0/23 HPs)
             Began as a Vine Stalker Chaos Knight on June 12, 2020.
             Was a Plaything of Xom.
             Killed from afar by a white imp (8 damage)
             ... with a puff of frost
             ... summoned by Xom
             ... on level 1 of the Dungeon.
             The game lasted 00:02:24 (1562 turns).

bmfx the Slasher (Vine Stalker Chaos Knight)        Turns: 1562, Time: 00:02:25

Health: 0/23       AC:  7    Str: 16      XL:     4   Next: 20%
Magic:  0/5        EV: 11    Int: 12      God:    Xom [.*....]
Gold:   39         SH:  0    Dex: 10 (13) Spells: 3/3 levels left

rFire    . . .     SeeInvis .   a - +0 falchion (chaos)
rCold    . . .     Gourm    .   (no shield)
rNeg     . . .     Faith    .   b - +2 leather armour
rPois    .         Spirit   +   (no helmet)
rElec    .         Reflect  .   k - +1 cloak
rCorr    .         Harm     .   (no gloves)
MR       .....                  (no boots)
Stlth    +.........             d - amulet of regeneration
HPRegen  0.87/turn              (no ring)
MPRegen  0.09/turn              (no ring)

@: no status effects
A: fangs 2, regeneration 1, magic shield, antimagic bite, no potion heal 3, rot
immunity
a: Renounce Religion


You were on level 1 of the Dungeon.
You worshipped Xom.
You were a plaything of Xom.
You were not hungry.

You visited 1 branch of the dungeon, and saw 2 of its levels.

You collected 39 gold pieces.


Innate Abilities, Weirdness & Mutations

You have extremely sharp teeth.
Your natural rate of healing is unusually fast.
When hurt, damage is shared between your health and your magic reserves.
Your bite disrupts and absorbs the magic of your enemies.
Potions cannot restore your health.
You are immune to rotting.

Dungeon Overview and Level Annotations

Branches:
Dungeon (2/15)

Altars:


   Skills:
 - Level 2.6 Fighting
 + Level 4.5 Long Blades
 - Level 1.5 Armour
 - Level 0.7 Dodging


You had 3 spell levels left.
You didn't know any spells.
Your spell library was empty.

Action                   |  1- 3 |  4- 6 || total
-------------------------+-------+-------++-------
Melee: Falchion          |    53 |    20 ||    73
       Bite              |    12 |     8 ||    20
Throw: Stone             |     4 |       ||     4
  Use: Scroll            |     3 |       ||     3
 Stab: Sleeping          |     2 |       ||     2
       Paralysed         |     1 |       ||     1
  Eat: Chunk             |     1 |     1 ||     2
Armor: Leather armour    |    11 |    21 ||    32
Dodge: Dodged            |    20 |    21 ||    41
       Rpst.: Falchion   |     6 |     4 ||    10

Skill      XL: |  1  2  3 |
---------------+----------+-----
Long Blades    | 3 4 |  4.5
Fighting       | |  2.6
Armour         | |  1.5
Dodging        | |  0.7

Inventory:

Hand Weapons
 a - a +0 falchion of chaos (weapon)
Missiles
 h - 24 stones (quivered)
Armour
 b - a +2 leather armour (worn)
 k - a +1 cloak (worn)
Jewellery
 d - an amulet of regeneration (around neck)
Scrolls
 e - a scroll of remove curse {@r4}
 f - a scroll of identify {@r3}
 j - a scroll of enchant armour {unknown}
 l - a scroll of fog {unknown}
Potions
 i - a potion of flight
 m - a potion of resistance {unknown}
Comestibles
 c - 7 rations
 g - 2 chunks of flesh {@w1}

...##....########.....♣♣.## #.#
...##...............♣♣♣♣♣.#####.#
#.>##...............♣ ♣.......#
##.##............##.♣ ♣.......#
...##.............#.♣ ♣.......#
...##............)..♣♣ ♣.......#
..###...........55#.)♣♣♣♣......##
..# #....##+#####.#............#
..# #....##.....@.####.##########
..# #....#######..# #...........
..###)...# #..# #####.######
....#....## #..# #.# #..
##........# #..###### #.# #.#
..........# #.......# #.####.#
#.........# ##.####.# #......#
#.........# #.# #÷# ########
#.........# #.# #.#


You could see a white imp (summoned).

Vanquished Creatures
  3 adders (D:2)
  An ooze (D:2)
  3 dart slugs
  2 bats (D:2)
  2 giant cockroaches
  7 goblins
  3 hobgoblins (D:1)
  A jackal (D:2)
  5 kobolds
  2 frilled lizards (D:1)
  5 rats
34 creatures vanquished.

Levels and vault maps discovered:
D:1:      tarquinn_simple_flora_water_f, layout_basic, nrook_campfire
D:2:      layout_basic


Message History

The quasit is heavily wounded.
The quasit bites you but does no damage.
The quasit claws you. x2
You hit the quasit. Your bite misses the quasit.
The quasit is severely wounded.
The quasit blinks!
The white imp gestures at you. The puff of frost hits you.
You hit the quasit. Your bite misses the quasit.
The quasit is almost dead.
The quasit barely misses you.
The quasit claws you but does no damage. x2
The quasit bites you.
You feel clumsy. The quasit completely misses you.
The quasit claws you but does no damage.
The white imp gestures at you. The puff of frost hits you!
You die... "This toy is broken."

Notes
Turn   | Place    | Note
-------+----------+-------------------------------------------
     0 | D:1      | bmfx the Vine Stalker Chaos Knight began the quest for the
                  | Orb.
     0 | D:1      | Reached XP level 1. HP: 11/11 MP: 2/2
    85 | D:1      | XOM: divination: detect creatures
   133 | D:1      | Reached skill level 3 in Long Blades
   145 | D:1      | XOM: 3-stop teleportation journey
   156 | D:1      | Reached XP level 2. HP: 9/16 MP: 1/3
   501 | D:1      | XOM: summons 2 hostile shadow creatures
   888 | D:1      | Reached XP level 3. HP: 19/19 MP: 4/4
  1057 | D:2      | XOM: polymorph jackal -> dart slug
  1128 | D:2      | Reached skill level 4 in Long Blades
  1330 | D:2      | Gained mutation: Your natural rate of healing is unusually
                  | fast. [Vine Stalker growth]
  1330 | D:2      | Reached XP level 4. HP: 23/23 MP: 5/5
  1509 | D:2      | XOM: summons 3 hostile demons
  1543 | D:1      | XOM: summons 3 hostile demons
  1562 | D:1      | Killed from afar by a white imp
